 Dungeon Crawl Stone Soup version 0.19-a0-1886-gd64a0f0 (webtiles) character file.

3112 Kirkhe the Cleaver (level 9, -2/67 HPs)
             Began as a Demonspawn Gladiator on Oct 15, 2016.
             Was an Initiate of Okawaru.
             Slain by an orc warrior
             ... wielding a +0 dire flail of draining
              (14 damage)
             ... on level 6 of the Dungeon.
             The game lasted 00:20:07 (9102 turns).

Kirkhe the Cleaver (Demonspawn Gladiator)           Turns: 9102, Time: 00:20:08

Health: -2/67      AC:  8    Str: 18    XL:     9   Next: 60%
Magic:  0/9        EV: 10    Int: 10    God:    Okawaru [......]
Gold:   473        SH:  0    Dex: 16    Spells: 0 memorised, 8 levels left

rFire  + + .     SeeInvis .     a - +3 war axe
rCold  + . .     Gourm    .     B - +0 ring mail
rNeg   . . .     Faith    .     (no shield)
rPois  .         Spirit   +     i - +2 helmet
rElec  .         Dismiss  .     (no cloak)
rCorr  .         Reflect  .     (no gloves)
MR     .....     Harm     .     (no boots)
Stlth  +.........               G - amulet of regeneration
                                n - ring of protection from cold
                                A - ring of protection from fire

@: very heavily drained
A: claws 1, talons 1, agile 1, fire resistance 1, robust 1, magic shield, flame
cloud immunity
a: Renounce Religion


You were on level 6 of the Dungeon.
You worshipped Okawaru.
Okawaru was noncommittal.
You were near starving.

You visited 2 branches of the dungeon, and saw 8 of its levels.
You also visited: Ossuary and Bailey.

You collected 473 gold pieces.

Inventory:

Hand Weapons
 a - a +3 war axe (weapon)
 y - a +0 blowgun
Missiles
 c - 7 tomahawks of returning
 d - a throwing net
 e - 4 javelins
 m - 68 poisoned needles
 z - 4 steel javelins (quivered)
Armour
 i - a +2 helmet (worn)
 w - a cursed +0 shield
 B - a +0 ring mail (worn)
Jewellery
 b - an uncursed ring of magical power
 n - a ring of protection from cold (right claw)
 A - a ring of protection from fire (left claw)
 G - an amulet of regeneration (around neck)
Wands
 C - a wand of lightning (0/15)
 E - a wand of flame (12/48)
Scrolls
 h - a scroll of enchant weapon
 o - a scroll of identify
 s - 6 scrolls of remove curse
 t - 2 scrolls of recharging
 I - a scroll of enchant armour
Potions
 j - 4 potions of brilliance
 k - a potion of curing
 l - 3 potions of flight
 r - a potion of cure mutation
 v - 2 potions of lignification
Books
 p - a book of Cantrips

   Spells                             Type                      Level
   a - Confusing Touch                Hexes                        1
   b - Animate Skeleton               Necromancy                   1
   c - Summon Small Mammal            Summoning                    1
   d - Apportation                    Translocation                1
Comestibles
 f - 4 bread rations
 g - 4 meat rations
 u - a beef jerky
 H - a slice of pizza


   Skills:
 - Level 2.0(0.0) Fighting
 + Level 11.2(7.2) Axes
 - Level 1.7(0.0) Throwing
 + Level 5.5(2.0) Armour
 - Level 2.6(0.0) Dodging


You had 8 spell levels left.
You didn't know any spells.

Dungeon Overview and Level Annotations

Branches:
Dungeon (7/15)             Temple (1/1) D:7

Altars:
Ashenzari
Cheibriados
Dithmenos
Elyvilon
Fedhas
Gozag
Hepliaklqana
Kikubaaqudgha
Makhleb
Nemelex Xobeh
Okawaru
Qazlal
Sif Muna
Trog
Uskayaw
Vehumet
Xom
Yredelemnul
Zin
The Shining One


Innate Abilities, Weirdness & Mutations

You have sharp fingernails.
Your flesh is heat resistant. (rF+)
When hurt, damage is shared between your health and your magic reserves.
You are immune to clouds of flame.
You have sharp toenails.
You are agile. (Dex +2)
You are robust. (+10% HP)


Message History

You are near starving!
You barely miss the orc warrior.
The orc warrior hits you with a dire flail of draining!
You feel drained.
You hit the orc warrior. Your kick misses the orc warrior.
The orc warrior is lightly wounded.
The orc warrior hits you with a dire flail of draining!
You feel drained.
You hit the orc warrior but do no damage.
You claw the orc warrior, but do no damage.
The orc warrior is lightly wounded.
The orc warrior hits you with a dire flail of draining!!
* * * LOW HITPOINT WARNING * * *
You feel drained.
* * * LOW HITPOINT WARNING * * *
You closely miss the orc warrior.
You claw the orc warrior, but do no damage.
The orc warrior is lightly wounded.
The orc warrior hits you with a dire flail of draining!
You die...

#.............................
###.#############.............
#.# #......####... #.#
####...[[.#...... #.#
#.......###.###.. #.#
#.......# #.# #.. #.#######
#.......###.#####
#.......####...............#
#>........o@.......†)..(....
#.........##.......)........
#...[.....########.).......#
#.........# ###########
#.........# # #.........#
#.#####...# #.# #...####
#.#####......#######


You could see an orc warrior.

Vanquished Creatures
  An orc knight (Bailey)
  Grinder (D:4)
  A hungry ghost (D:7)
  An orc warrior (Bailey)
  A black bear (D:6)
  2 ice beasts (D:6)
  An ogre (D:5)
  A sky beast (D:6)
  A phantom (D:3)
  A centaur (D:6)
  A bullfrog (D:6)
  An elf skeleton (D:5)
  3 water moccasin zombies
  3 wights (D:6)
  A bullfrog zombie (D:5)
  A crimson imp (D:6)
  6 orc priests
  2 bullfrog skeletons (D:5)
  A centaur skeleton (D:5)
  A gnoll shaman (D:5)
  4 hounds
  3 orc wizards
  A human skeleton (D:5)
  3 iguanas
  5 worker ants
  4 big kobold zombies (Ossuary)
  2 mummies (Ossuary)
  2 hound skeletons
  A worker ant zombie (D:5)
  13 gnolls
  4 adders
  A shadow imp (D:5)
  5 adder zombies
  3 adder skeletons (D:5)
  5 worms
  A dart slug (D:2)
  7 leopard geckos
  20 orcs
  5 giant cockroaches
  4 gnoll zombies (Ossuary)
  14 goblins
  19 hobgoblins
  4 jackals (D:2)
  2 quokkas
  3 ball pythons
  7 bats
  3 frilled lizards
  A hobgoblin zombie (Ossuary)
  29 kobolds
  4 kobold zombies (Ossuary)
  3 orc skeletons (D:5)
  7 orc zombies
  A quokka skeleton (D:4)
  9 rats
230 creatures vanquished.

Notes
Turn   | Place    | Note
-------+----------+-------------------------------------------
     0 | D:1      | Kirkhe the Demonspawn Gladiator began the quest for the Orb.
     0 | D:1      | Reached XP level 1. HP: 16/16 MP: 1/1
    76 | D:1      | Reached skill level 3 in Axes
   162 | D:1      | Gained mutation: You have sharp fingernails. [demonic ancestry]
   162 | D:1      | Reached XP level 2. HP: 15/22 MP: 2/2
  1393 | D:1      | Gained mutation: When hurt, damage is shared between your health and your magic reserves. [demonic ancestry]
  1393 | D:1      | Reached XP level 3. HP: 8/27 MP: 3/3
  1739 | D:2      | Reached skill level 4 in Axes
  1908 | D:2      | Reached skill level 1 in Armour
  1932 | D:2      | Reached XP level 4. HP: 23/33 MP: 2/4
  2605 | D:2      | Found a stormy altar of Qazlal.
  2851 | D:3      | Found a faded altar of an unknown god.
  2897 | D:3      | Gained mutation: Your flesh is heat resistant. (rF+) [demonic ancestry]
  2897 | D:3      | Reached XP level 5. HP: 22/38 MP: 2/5
  3062 | D:3      | Reached skill level 5 in Axes
  3665 | D:3      | Noticed a phantom
  3889 | D:3      | Killed a phantom
  3889 | D:3      | Gained mutation: You are immune to clouds of flame. [demonic ancestry]
  3889 | D:3      | Reached XP level 6. HP: 20/44 MP: 4/6
  4086 | D:4      | Reached skill level 6 in Axes
  4576 | D:4      | Noticed Grinder
  4579 | D:4      | Paralysed by Grinder for 4 turns
  4594 | D:4      | Killed Grinder
  4594 | D:4      | Reached XP level 7. HP: 12/50 MP: 1/7
  5153 | D:4      | Found a glowing silver altar of Zin.
  5240 | D:5      | Entered Level 5 of the Dungeon
  5359 | D:5      | Reached skill level 7 in Axes
  5584 | D:5      | Found a sand-covered staircase.
  5619 | D:5      | Reached XP level 8. HP: 25/56 MP: 8/8
  5638 | Ossuary  | Entered an ossuary
  5943 | Ossuary  | Reached skill level 8 in Axes
  6396 | D:5      | Found a blossoming altar of Fedhas.
  7098 | D:6      | Reached skill level 9 in Axes
  7124 | D:6      | HP: 2/56 [orc priest/divine providence (10)]
  7517 | D:6      | Reached skill level 5 in Armour
  7570 | D:6      | Reached XP level 9. HP: 50/61 MP: 9/9
  7764 | D:6      | Reached skill level 10 in Axes
  8170 | D:7      | Found an opulent altar of Gozag.
  8409 | D:7      | Found a flagged portal.
  8431 | D:7      | Found a shimmering altar of Xom.
  8441 | Bailey   | Entered a bailey
  8467 | Bailey   | Noticed an orc knight
  8484 | Bailey   | Killed an orc knight
  8484 | Bailey   | Reached skill level 11 in Axes
  8525 | Bailey   | Noticed an orc knight
  8731 | Bailey   | Gained mutation: You are agile. (Dex +2) [potion of mutation]
  8731 | Bailey   | Gained mutation: You are robust. (+10% HP) [potion of mutation]
  8731 | Bailey   | Gained mutation: You have sharp toenails. [potion of mutation]
  8797 | D:7      | Found a staircase to the Ecumenical Temple.
  8810 | Temple   | Entered the Ecumenical Temple
  8907 | Temple   | Became a worshipper of Warmaster Okawaru
  8994 | D:7      | HP: 1/67 [orc warrior/dire flail of draining (3)]
  9102 | D:6      | Slain by an orc warrior

Vault maps used:
D:1:      dpeg_arrival_morbid_curiosity
D:2:      grunt_qazlal_clouds
D:3:      ecumenical_altar_1, minmay_stone_trees_small
D:4:      zin_treasury, uniq_grinder
D:5:      kennysheep_mini_moat, nicolae_ossuary_entry_catacombs, first_bread
D:6:      minmay_misc_feat_five
D:7:      xom_shifter_show, kennysheep_little_box, enter_bailey_2, basic_altar,
          grunt_gozag_breadcrumbs
Temple:   regret_index_temple_sphere_string
Ossuary:  ossuary_tomb_2
Bailey:   bailey_axe_1, bailey

Skill      XL: |  1  2  3  4  5  6  7  8  9 |
---------------+----------------------------+-----
Axes           | 3 4 5 6 7 9 11 | 11.2
Armour         | 1 2 3 4 5 |  5.5
Fighting       | |  2.0
Throwing       | |  1.7
Dodging        | |  2.6

Action                   |  1- 3 |  4- 6 |  7- 9 || total
-------------------------+-------+-------+-------++-------
Melee: War axe           |   126 |   219 |   464 ||   809
       Kick              |       |       |    14 ||    14
Throw: Throwing net      |       |       |     5 ||     5
       Javelin           |       |       |    16 ||    16
       Tomahawk          |       |       |     6 ||     6
Evoke: Wand              |       |       |     3 ||     3
  Use: Potion            |       |     5 |    10 ||    15
       Scroll            |       |     3 |    18 ||    21
 Stab: Sleeping          |       |     2 |       ||     2
       Held in net/web   |       |       |     1 ||     1
       Distracted        |       |       |     1 ||     1
  Eat: Bread ration      |     1 |       |     2 ||     3
       Chunk             |       |     7 |     6 ||    13
Armor: Leather armour    |    35 |    42 |       ||    77
       Ring mail         |       |       |   170 ||   170
Dodge: Dodged            |    88 |   141 |   350 ||   579
